| TOP OF THE 1ST |
|
Boise Hawks batting - Pitching for Eugene Emeralds : RHP Mike Reusch
|
|
Pitching: RHP Mike Reusch
|
|
|
Batting: LHB Georges Lambert
|
0-0: Foul Ball, location: 2F 0-1: Foul Ball, location: 2F 0-2: Strikes out swinging
|
|
Batting: SHB Justin Jackson
|
0-0: Foul Ball, location: 2F 0-1: Ball 1-1: Ball 2-1: Ground out 6-3 (Groundball, 6, EV 82.5 MPH)
|
|
Batting: RHB Andy Rayer
|
0-0: Ball 1-0: Ball 2-0: Ball 3-0: Called Strike 3-1: SOLO HOME RUN (Flyball, 9D, EV 101.9 MPH), Distance : 388 ft
|
|
Batting: RHB Wali Mulogo
|
0-0: Called Strike 0-1: Ball 1-1: Swinging Strike 1-2: Ground out 6-3 (Groundball, 6, EV 78.1 MPH)
|
| Top of the 1st over - 1 run, 1 hit, 0 errors, 0 left on base; Boise 1 - Eugene 0 |
| BOTTOM OF THE 1ST |
|
Eugene Emeralds batting - Pitching for Boise Hawks : RHP Jerry Dunne
|
|
Pitching: RHP Jerry Dunne
|
|
|
Batting: RHB Du Kim
|
0-0: Ball 1-0: Ball 2-0: Called Strike 2-1: Ground out 6-3 (Groundball, 6, EV 100.6 MPH)
|
|
Batting: RHB Ricky Ramirez
|
0-0: SINGLE (Line Drive, 89S, EV 100.0 MPH)
|
|
Batting: LHB Wing-tat Tai
|
0-0: Ball 1-0: Ball 2-0: Foul Ball, location: 2F 2-1: Called Strike 2-2: Foul Ball, location: 2F 2-2: Ball 3-2: Ground out 4-3 (Groundball, 4, EV 86.2 MPH) Ricky Ramirez to second
|
|
Batting: RHB Mike Hill
|
0-0: DOUBLE (Line Drive, 78D, EV 105.6 MPH) Ricky Ramirez scores
|
|
Batting: RHB Josh Asch
|
0-0: Ball 1-0: Swinging Strike 1-1: Foul Ball, location: 2F 1-2: 2-RUN HOME RUN (Flyball, 7D, EV 93.1 MPH), Distance : 361 ft
|
|
Batting: LHB Emir Jalil
|
0-0: Ball 1-0: Called Strike 1-1: Called Strike 1-2: Ball 2-2: Foul Ball, location: 2F 2-2: SOLO HOME RUN (Flyball, 78XD, EV 98.8 MPH), Distance : 381 ft
|
|
Batting: RHB Dave de Wolff
|
0-0: Swinging Strike 0-1: Swinging Strike 0-2: DOUBLE (Flyball, 8RXD, EV 91.2 MPH)
|
|
Batting: RHB Jorge Lagunas
|
0-0: Ball 1-0: Ball 2-0: Called Strike 2-1: Swinging Strike 2-2: Ball 3-2: Foul Ball, location: 2F 3-2: Base on Balls
|
|
Batting: RHB David Bousfield
|
0-0: Ball 1-0: Ball 2-0: Called Strike 2-1: Ball 3-1: Base on Balls Dave de Wolff to third Jorge Lagunas to second
|
|
Batting: RHB Du Kim
|
0-0: Swinging Strike Passed Ball! Dave de Wolff scores Jorge Lagunas to third David Bousfield to second 0-1: Ball 1-1: Ball 2-1: Ground out 1-3 (Groundball, 25, EV 68.8 MPH)
|
| Bottom of the 1st over - 5 runs, 5 hits, 0 errors, 2 left on base; Boise 1 - Eugene 5 |
| TOP OF THE 2ND |
|
Boise Hawks batting - Pitching for Eugene Emeralds : RHP Mike Reusch
|
|
Batting: RHB Ryan Ward
|
0-0: Ball 1-0: Called Strike 1-1: Ground out 6-3 (Groundball, 6, EV 81.2 MPH)
|
|
Batting: RHB Willie Benito
|
0-0: DOUBLE (Flyball, 8RXD, EV 95.0 MPH)
|
|
Batting: LHB Jerry Santana
|
0-0: Called Strike 0-1: Called Strike 0-2: Foul Ball, location: 2F 0-2: Ball Wild Pitch! Willie Benito to third 1-2: Ball 2-2: Fly out, F7 (Line Drive, 7S, EV 110.0 MPH)
|
|
Batting: RHB Aaron Burnet
|
0-0: Ball 1-0: Called Strike 1-1: Ball 2-1: Swinging Strike 2-2: Strikes out swinging
|
| Top of the 2nd over - 0 runs, 1 hit, 0 errors, 1 left on base; Boise 1 - Eugene 5 |
| BOTTOM OF THE 2ND |
|
Eugene Emeralds batting - Pitching for Boise Hawks : RHP Jerry Dunne
|
|
Batting: RHB Ricky Ramirez
|
0-0: Ball 1-0: Called Strike 1-1: Foul Ball, location: 2F 1-2: SOLO HOME RUN (Flyball, 89XD, EV 98.8 MPH), Distance : 401 ft
|
|
Batting: LHB Wing-tat Tai
|
0-0: Called Strike 0-1: Fly out, F8 (Flyball, 89XD, EV 79.4 MPH)
|
|
Batting: RHB Mike Hill
|
0-0: Ball 1-0: Ground out 5-3 (Groundball, 56, EV 99.4 MPH)
|
|
Batting: RHB Josh Asch
|
0-0: Ball 1-0: Called Strike 1-1: Ground out U3 (Groundball, 3L, EV 102.5 MPH)
|
| Bottom of the 2nd over - 1 run, 1 hit, 0 errors, 0 left on base; Boise 1 - Eugene 6 |
| TOP OF THE 3RD |
|
Boise Hawks batting - Pitching for Eugene Emeralds : RHP Mike Reusch
|
|
Batting: RHB Wei-fang Ping
|
0-0: Called Strike 0-1: Ball 1-1: Ball 2-1: SOLO HOME RUN (Flyball, 7LD, EV 96.2 MPH), Distance : 342 ft
|
|
Batting: LHB Georges Lambert
|
0-0: Ground out 4-3 (Groundball, 4, EV 83.8 MPH)
|
|
Batting: SHB Justin Jackson
|
0-0: Fly out, F8 (Flyball, 8RM, EV 84.4 MPH)
|
|
Batting: RHB Andy Rayer
|
0-0: Foul Ball, location: 2F 0-1: Swinging Strike 0-2: SINGLE (Groundball, 56D, EV 103.1 MPH)
|
|
Batting: RHB Wali Mulogo
|
0-0: Ball Andy Rayer steals 2nd base 1-0: Called Strike 1-1: Ball 2-1: Ball Passed Ball! Andy Rayer to third 3-1: Base on Balls
|
|
Batting: RHB Ryan Ward
|
0-0: Ball Wild Pitch! Andy Rayer scores Wali Mulogo to second 1-0: Ball 2-0: Ball 3-0: Base on Balls
|
|
Batting: RHB Willie Benito
|
0-0: Ball 1-0: Ball 2-0: Ball 3-0: Called Strike 3-1: Foul Ball, location: 2F 3-2: Foul Ball, location: 2F 3-2: SINGLE (Groundball, 34D, EV 108.8 MPH) Wali Mulogo to third Ryan Ward to second Wali Mulogo scores Ryan Ward to third
|
|
Batting: LHB Jerry Santana
|
0-0: Called Strike 0-1: Foul Ball, location: 2F 0-2: SINGLE (Line Drive, 4D, EV 95.6 MPH) Ryan Ward scores Willie Benito to second Runner from 2nd tries for 3rd, SAFE, throw by RF made to third
|
|
Pitching: RHP Reginald Bamber
|
|
|
Batting: RHB Aaron Burnet
|
0-0: Called Strike 0-1: Foul Ball, location: 2F 0-2: Strikes out looking
|
| Top of the 3rd over - 4 runs, 4 hits, 0 errors, 2 left on base; Boise 5 - Eugene 6 |
| BOTTOM OF THE 3RD |
|
Eugene Emeralds batting - Pitching for Boise Hawks : RHP Jerry Dunne
|
|
Batting: LHB Emir Jalil
|
0-0: SINGLE (Groundball, 4MD, EV 105.6 MPH)
|
|
Batting: RHB Dave de Wolff
|
0-0: Called Strike 0-1: Ball 1-1: Grounds into double play, 6-4-3 (Groundball, 6, EV 85.0 MPH)
|
|
Batting: RHB Jorge Lagunas
|
0-0: Ball 1-0: Called Strike 1-1: SOLO HOME RUN (Flyball, 7D, EV 91.2 MPH), Distance : 346 ft
|
|
Batting: RHB David Bousfield
|
0-0: Foul Ball, location: 2F 0-1: Foul Ball, location: 2F 0-2: Ball 1-2: Ground out 5-3 (Groundball, 56S, EV 88.1 MPH)
|
| Bottom of the 3rd over - 1 run, 2 hits, 0 errors, 0 left on base; Boise 5 - Eugene 7 |
| TOP OF THE 4TH |
|
Boise Hawks batting - Pitching for Eugene Emeralds : RHP Reginald Bamber
|
|
Batting: RHB Wei-fang Ping
|
0-0: Called Strike 0-1: Called Strike 0-2: Strikes out swinging
|
|
Batting: LHB Georges Lambert
|
0-0: Ball 1-0: Ball 2-0: Ball 3-0: Called Strike 3-1: DOUBLE (Line Drive, 7LM, EV 103.8 MPH)
|
|
Batting: SHB Justin Jackson
|
0-0: Ball 1-0: Ball 2-0: Ball Wild Pitch! Georges Lambert to third 3-0: Base on Balls
|
|
Batting: RHB Andy Rayer
|
0-0: Called Strike 0-1: Swinging Strike 0-2: Strikes out looking
|
|
Batting: RHB Wali Mulogo
|
0-0: Called Strike 0-1: Ball 1-1: DOUBLE (Line Drive, 9LS, EV 109.4 MPH) Georges Lambert scores Justin Jackson to third Runner from 3rd tries for Home, SAFE, throw by RF to trailing runner, SAFE at third!
|
|
Batting: RHB Ryan Ward
|
0-0: Ball 1-0: Ball 2-0: Ball 3-0: Called Strike 3-1: Swinging Strike 3-2: Foul Ball, location: 2F 3-2: Base on Balls
|
|
Batting: RHB Willie Benito
|
0-0: SINGLE (Groundball, P, EV 83.1 MPH) (infield hit) Wali Mulogo scores Ryan Ward to second
|
|
Pitching: RHP Alberto Cabrera
|
|
|
Batting: LHB Jerry Santana
|
0-0: Ball 1-0: DOUBLE (Line Drive, 9LM, EV 106.9 MPH) Ryan Ward scores Willie Benito to third Runner from 3rd tries for Home, SAFE, throw by RF to home
|
|
Batting: RHB Aaron Burnet
|
0-0: Ball 1-0: Ball 2-0: Called Strike 2-1: Fly out, F9 (Flyball, 89XD, EV 96.2 MPH)
|
| Top of the 4th over - 5 runs, 4 hits, 0 errors, 1 left on base; Boise 10 - Eugene 7 |
| BOTTOM OF THE 4TH |
|
Eugene Emeralds batting - Pitching for Boise Hawks : RHP Jerry Dunne
|
|
Pitching: RHP Brad Madden
|
|
|
Batting: RHB Du Kim
|
0-0: Called Strike 0-1: Foul Ball, location: 2F 0-2: Strikes out swinging
|
|
Batting: RHB Ricky Ramirez
|
0-0: Called Strike 0-1: Fly out, F7 (Line Drive, 7LS, EV 89.4 MPH)
|
|
Batting: LHB Wing-tat Tai
|
0-0: Ball 1-0: Ball 2-0: Ball 3-0: Called Strike 3-1: Base on Balls
|
|
Batting: RHB Mike Hill
|
0-0: Ball Wing-tat Tai steals 2nd base Balk! Wing-tat Tai to third 1-0: Ground out 4-3 (Groundball, 4M, EV 105.0 MPH)
|
| Bottom of the 4th over - 0 runs, 0 hits, 0 errors, 1 left on base; Boise 10 - Eugene 7 |
| TOP OF THE 5TH |
|
Boise Hawks batting - Pitching for Eugene Emeralds : RHP Alberto Cabrera
|
|
Batting: RHB Wei-fang Ping
|
0-0: Called Strike 0-1: Fly out, F2 (Popup, 2L, EV 91.2 MPH)
|
|
Batting: LHB Georges Lambert
|
0-0: Ball 1-0: Foul Ball, location: 2F 1-1: Ball 2-1: Ball 3-1: Base on Balls
|
|
Batting: SHB Justin Jackson
|
0-0: Hit by Pitch Georges Lambert to second
|
|
Batting: RHB Andy Rayer
|
0-0: Foul Ball, location: 2F 0-1: Fielders Choice at 2nd, 6-4 (Groundball, 6, EV 86.9 MPH) Georges Lambert to third
|
|
Batting: RHB Wali Mulogo
|
0-0: Called Strike 0-1: Fielders Choice at 2nd, 6-4 (Groundball, 6, EV 105.0 MPH)
|
| Top of the 5th over - 0 runs, 0 hits, 0 errors, 2 left on base; Boise 10 - Eugene 7 |
| BOTTOM OF THE 5TH |
|
Eugene Emeralds batting - Pitching for Boise Hawks : RHP Brad Madden
|
|
Batting: RHB Josh Asch
|
0-0: Called Strike 0-1: Ball 1-1: Foul Ball, location: 2F 1-2: SINGLE (Groundball, 6MD, EV 105.0 MPH)
|
|
Batting: LHB Emir Jalil
|
0-0: Fly out, F6 (Popup, 6M, EV 74.4 MPH)
|
|
Batting: RHB Dave de Wolff
|
0-0: Called Strike Josh Asch steals 2nd base 0-1: Fly out, F7 (Flyball, 7D, EV 107.5 MPH)
|
|
Batting: RHB Jorge Lagunas
|
0-0: DOUBLE (Line Drive, 7LM, EV 96.9 MPH) Josh Asch scores
|
|
Batting: RHB David Bousfield
|
0-0: Called Strike 0-1: Foul Ball, location: 2F 0-2: Ball 1-2: Ball 2-2: Fly out, F8 (Flyball, 8RD, EV 88.8 MPH)
|
| Bottom of the 5th over - 1 run, 2 hits, 0 errors, 1 left on base; Boise 10 - Eugene 8 |
| TOP OF THE 6TH |
|
Boise Hawks batting - Pitching for Eugene Emeralds : RHP Alberto Cabrera
|
|
Batting: RHB Ryan Ward
|
0-0: Ground out 5-3 (Groundball, 5, EV 85.0 MPH)
|
|
Batting: RHB Willie Benito
|
0-0: Ball 1-0: Ball 2-0: Ball 3-0: Base on Balls
|
|
Batting: LHB Jerry Santana
|
0-0: Swinging Strike 0-1: Called Strike 0-2: Ball 1-2: Strikes out looking
|
|
Batting: RHB Aaron Burnet
|
0-0: Called Strike 0-1: Called Strike 0-2: Ball 1-2: Ball 2-2: Strikes out looking
|
| Top of the 6th over - 0 runs, 0 hits, 0 errors, 1 left on base; Boise 10 - Eugene 8 |
| BOTTOM OF THE 6TH |
|
Eugene Emeralds batting - Pitching for Boise Hawks : RHP Brad Madden
|
|
Batting: RHB Du Kim
|
0-0: Ball 1-0: Ground out 6-3 (Groundball, 6S, EV 81.9 MPH)
|
|
Batting: RHB Ricky Ramirez
|
0-0: Ball 1-0: Called Strike 1-1: Called Strike 1-2: Ball 2-2: Strikes out swinging
|
|
Batting: LHB Wing-tat Tai
|
0-0: Ball 1-0: Ball 2-0: Foul Ball, location: 2F 2-1: Foul Ball, location: 2F 2-2: Ground out U3 (Groundball, 13, EV 85.0 MPH)
|
| Bottom of the 6th over - 0 runs, 0 hits, 0 errors, 0 left on base; Boise 10 - Eugene 8 |
| TOP OF THE 7TH |
|
Boise Hawks batting - Pitching for Eugene Emeralds : RHP Alberto Cabrera
|
|
Batting: RHB Wei-fang Ping
|
0-0: Called Strike 0-1: Foul Ball, location: 2F 0-2: Ball 1-2: Strikes out swinging
|
|
Batting: LHB Georges Lambert
|
0-0: Swinging Strike 0-1: Foul Ball, location: 2F 0-2: Strikes out swinging
|
|
Pitching: LHP Jose Gutierres
|
|
|
Batting: SHB Justin Jackson
|
0-0: Called Strike 0-1: Ball 1-1: Ground out 6-3 (Groundball, 6, EV 91.9 MPH)
|
| Top of the 7th over - 0 runs, 0 hits, 0 errors, 0 left on base; Boise 10 - Eugene 8 |
| BOTTOM OF THE 7TH |
|
Eugene Emeralds batting - Pitching for Boise Hawks : RHP Brad Madden
|
|
Batting: RHB Mike Hill
|
0-0: Ball 1-0: Called Strike 1-1: Foul Ball, location: 2F 1-2: Foul Ball, location: 2F 1-2: SINGLE (Groundball, 4D, EV 100.6 MPH)
|
|
Batting: RHB Josh Asch
|
0-0: Called Strike Mike Hill is caught stealing 2nd base 2-4 0-1: Ball 1-1: Foul Ball, location: 2F 1-2: Ball 2-2: SINGLE (Line Drive, 34D, EV 105.0 MPH)
|
|
Batting: LHB Emir Jalil
|
0-0: Ball Wild Pitch! Josh Asch to second 1-0: Ground out 5-3 (Groundball, 56, EV 103.8 MPH)
|
|
Batting: RHB Dave de Wolff
|
0-0: Hit by Pitch
|
|
Batting: RHB Jorge Lagunas
|
0-0: Called Strike 0-1: SINGLE (Line Drive, 5L, EV 106.2 MPH) Josh Asch to third Dave de Wolff to second Runner from 3rd tries for Home, SAFE, throw by LF to home
|
|
Pinch Hitting: RHB Mike Larson
|
0-0: Ball 1-0: Ball 2-0: Ball 3-0: Called Strike 3-1: Base on Balls Dave de Wolff to third Jorge Lagunas to second
|
|
Batting: RHB Du Kim
|
0-0: Ground out 5-3 (Groundball, 5S, EV 84.4 MPH)
|
| Bottom of the 7th over - 1 run, 3 hits, 0 errors, 3 left on base; Boise 10 - Eugene 9 |
| TOP OF THE 8TH |
|
Boise Hawks batting - Pitching for Eugene Emeralds : LHP Jose Gutierres
|
|
Now at SS: Dan Orozco
|
|
|
Batting: RHB Andy Rayer
|
0-0: Called Strike 0-1: Ball 1-1: Fly out, F7 (Flyball, 78S, EV 79.4 MPH)
|
|
Batting: RHB Wali Mulogo
|
0-0: Ball 1-0: Ball 2-0: Ball 3-0: Base on Balls
|
|
Batting: RHB Ryan Ward
|
0-0: Foul Ball, location: 2F 0-1: Swinging Strike 0-2: Ball 1-2: Strikes out swinging
|
|
Batting: RHB Willie Benito
|
0-0: Ball 1-0: Ball 2-0: Ball 3-0: Called Strike 3-1: Base on Balls Wali Mulogo to second
|
|
Batting: LHB Jerry Santana
|
0-0: Called Strike 0-1: Called Strike 0-2: Strikes out looking
|
| Top of the 8th over - 0 runs, 0 hits, 0 errors, 2 left on base; Boise 10 - Eugene 9 |
| BOTTOM OF THE 8TH |
|
Eugene Emeralds batting - Pitching for Boise Hawks : RHP Brad Madden
|
|
Batting: RHB Ricky Ramirez
|
0-0: Ball 1-0: Called Strike 1-1: SINGLE (Groundball, 56D, EV 80.0 MPH) (infield hit)
|
|
Pitching: RHP Carlos Manriquez
|
|
|
Batting: LHB Wing-tat Tai
|
0-0: Fielders Choice at 2nd, 6-4 (Groundball, 6, EV 102.5 MPH)
|
|
Batting: RHB Mike Hill
|
0-0: Swinging Strike 0-1: Called Strike 0-2: Ball 1-2: Ball 2-2: Grounds into double play, 6-4-3 (Groundball, 56, EV 85.0 MPH)
|
| Bottom of the 8th over - 0 runs, 1 hit, 0 errors, 0 left on base; Boise 10 - Eugene 9 |
| TOP OF THE 9TH |
|
Boise Hawks batting - Pitching for Eugene Emeralds : LHP Jose Gutierres
|
|
Pitching: LHP Wilhelm Myers
|
|
|
Pinch Hitting: RHB Brent Montagano
|
0-0: Foul Ball, location: 2F 0-1: Ball 1-1: Ground out 6-3 (Groundball, 6MD, EV 86.9 MPH)
|
|
Batting: RHB Wei-fang Ping
|
0-0: Called Strike 0-1: Swinging Strike 0-2: Ball 1-2: Ball 2-2: Ground out 6-3 (Groundball, 6, EV 87.5 MPH)
|
|
Batting: LHB Georges Lambert
|
0-0: Ground out 5-3 (Groundball, 56S, EV 86.2 MPH)
|
| Top of the 9th over - 0 runs, 0 hits, 0 errors, 0 left on base; Boise 10 - Eugene 9 |
| BOTTOM OF THE 9TH |
|
Eugene Emeralds batting - Pitching for Boise Hawks : RHP Carlos Manriquez
|
|
Now in CF: Ighlas Mwara
|
|
|
Batting: RHB Josh Asch
|
0-0: Ball 1-0: Called Strike 1-1: Ball 2-1: Ball 3-1: Foul Ball, location: 2F 3-2: Base on Balls
|
|
Batting: LHB Emir Jalil
|
0-0: Ball Wild Pitch! Josh Asch to second 1-0: Ball 2-0: Ball 3-0: Called Strike 3-1: Base on Balls
|
|
Batting: RHB Dave de Wolff
|
0-0: Ball 1-0: Ball Balk! Josh Asch to third Emir Jalil to second 2-0: Ball 3-0: Called Strike 3-1: Fly out, F9 (Flyball, 89M, EV 83.8 MPH)
|
|
Batting: RHB Jorge Lagunas
|
0-0: Intentional Walk
|
|
Pinch Hitting: RHB Bill Holmes
|
0-0: Called Strike 0-1: Ball 1-1: Ball 2-1: Ball 3-1: Base on Balls Josh Asch scores Emir Jalil to third Jorge Lagunas to second
|
|
Batting: RHB Du Kim
|
0-0: Ball 1-0: Ball 2-0: Ball 3-0: Called Strike 3-1: SINGLE (Groundball, 6, EV 103.8 MPH) (infield hit) Emir Jalil scores
|
| Bottom of the 9th over - 2 runs, 1 hit, 0 errors, 2 left on base; Boise 10 - Eugene 11 |
|